 Dungeon Crawl Stone Soup version 0.28-a0-1159-g27aa881441 (webtiles) character file.

Game seed: 11092093234424812942

315 SensoryNuts the Skirmisher (level 6, -3/48 HPs)
             Began as a Demonspawn Fighter on Dec 15, 2021.
             Slain by a gnoll shaman (5 damage)
             ... on level 5 of the Dungeon.
             The game lasted 00:05:29 (5087 turns).

SensoryNuts the Skirmisher (Demonspawn Fighter)     Turns: 5087, Time: 00:05:30

Health: -3/48      AC:  9    Str: 18    XL:     6   Next: 20%
Magic:  6/6        EV:  9    Int:  9    God:
Gold:   258        SH:  5    Dex: 13    Spells: 5/5 levels left

rFire   . . .      SeeInvis .   a - +0 long sword
rCold   . . .      Faith    .   c - +1 buckler
rNeg    . . .      Spirit   .   b - +0 scale mail
rPois   .          Reflect  .   (no helmet)
rElec   .          Harm     .   (no cloak)
rCorr   .          Rampage  .   (no gloves)
Will    +....                   (no boots)
Stlth   ..........              (no amulet)
HPRegen 0.16/turn               g - ring of willpower
MPRegen 0.10/turn               (no ring)

@: no status effects
A: slimy green scales 1, powered by pain 1, demonic touch 2
a: no special abilities


You were on level 5 of the Dungeon.
You visited 1 branch of the dungeon, and saw 5 of its levels.

You collected 258 gold pieces.

Inventory:

Hand Weapons
 a - a +0 long sword (weapon)
 n - a +4 hand axe
Armour
 b - a +0 scale mail (worn)
 c - a +1 buckler (worn)
Jewellery
 g - a ring of willpower (left hand)
 j - a ring of magical power
Scrolls
 e - 6 scrolls of identify {unknown}
 f - a scroll of noise {unknown}
 h - 3 scrolls of fog {unknown}
 k - a scroll of amnesia {unknown}
 l - 2 scrolls of teleportation {unknown}
 r - a scroll of acquirement {unknown}
Potions
 i - 2 potions of berserk rage {unknown}
 m - a potion of mutation {unknown}
 o - 2 potions of curing {unknown}
 p - 2 potions of flight {unknown}
 q - a potion of brilliance {unknown}


   Skills:
 + Level 4.1 Fighting
 + Level 3.8 Long Blades
 + Level 3.8 Armour
 + Level 1.3 Dodging
 + Level 0.3 Stealth
 + Level 3.3 Shields


You had 5 spell levels left.
You didn't know any spells.
Your spell library contained the following spells:

 Spells                   Type           Power      Damage    Failure   Level
 Animate Skeleton         Necr           0%         N/A       80%         1
 Apportation              Tloc           0%         N/A       80%         1
 Summon Small Mammal      Summ           0%         N/A       80%         1
 Call Canine Familiar     Summ           0%         N/A       99%         3
 Portal Projectile        Hex/Tloc       0%         N/A       99%         3
 Leda's Liquefaction      Hex/Erth       0%         N/A       100%        4


Dungeon Overview and Level Annotations

Branches:
Dungeon (5/15)
 Temple: D:4-7

Altars:
Cheibriados
Elyvilon
Gozag
Ru
Trog

Annotations:
D:3 3 runed translucent doors, karkarkar's ghost, amateur FoFi


Innate Abilities, Weirdness & Mutations

You are partially covered in slimy green scales. (AC +2)
You sometimes gain a little power by taking damage.
Your touch may inflict irresistible damage on your foes.


Message History

The gnoll shaman hits you with a +0 whip.
Okay, then.
You hit the gnoll shaman.
The gnoll shaman is severely wounded.
The gnoll hits you from afar with a +0 spear.
The gnoll shaman hits you but does no damage.
You block the gnoll's attack.
You hit the gnoll shaman but do no damage.
The gnoll shaman is severely wounded.
The gnoll shaman hits you but does no damage.
The gnoll closely misses you.
You hit the gnoll shaman but do no damage.
The gnoll shaman is severely wounded.
You block the gnoll shaman's attack. The gnoll barely misses you.
You barely miss the gnoll shaman.
The gnoll shaman is severely wounded.
The gnoll shaman calls upon its god to speed up the gnoll.
The gnoll seems to speed up.
You block the gnoll's attack.
The gnoll hits you from afar with a +0 spear.
The gnoll shaman hits you with a +0 whip.
Unknown command.
You block the gnoll's attack.
You closely miss the gnoll. The gnoll hits you with a +0 spear.
The gnoll shaman barely misses you. The gnoll hits you with a +0 spear.
You hit the gnoll but do no damage. The gnoll hits you but does no damage.
The gnoll shaman barely misses you. The gnoll closely misses you.
The gnoll hits you from afar with a +0 spear.
The gnoll hits you but does no damage.
You slash the gnoll!
The gnoll is almost dead.
You block the gnoll's attack.
The gnoll shaman hits you with a +0 whip!
* * * LOW HITPOINT WARNING * * *
The gnoll hits you with a +0 spear.
* * * LOW HITPOINT WARNING * * *
You block the gnoll's attack.
The gnoll hits you from afar with a +0 halberd.
* * * LOW HITPOINT WARNING * * *
The gnoll shaman hits you with a +0 whip.
You die...

###. ...... #...
#...... ...##......
..#.....### .
#.........# #.
#.......... ...
##...<....# ....
##..@g...# .....
#..g##g..###
......##(g###....#..
..................g.
........###g<....#8
........# ###.#.##
......... ## ..
......... .
...#(.....


You could see a gnoll shaman and 3 gnolls.

Vanquished Creatures
  Eustachio (D:4)
  An orc wizard (D:3)
  A howler monkey skeleton (D:3)
  5 adders
  A gnoll (D:5)
  An adder skeleton (D:4)
  2 worms
  2 dart slugs
  7 orcs
  5 endoplasms
  4 giant cockroaches
  3 hobgoblins
  2 jackals (D:3)
  6 kobolds
  2 quokkas (D:2)
  4 ball pythons
  8 bats
  3 frilled lizards
  5 goblins
  5 rats
68 creatures vanquished.

Notes
Turn   | Place    | Note
-------+----------+-------------------------------------------
     0 | D:1      | SensoryNuts the Demonspawn Fighter began the quest for the
                  | Orb.
     0 | D:1      | Reached XP level 1. HP: 18/18 MP: 1/1
   291 | D:1      | Gained mutation: Your touch may inflict minor irresistible
                  | damage on your foes. [demonic ancestry]
   291 | D:1      | Reached XP level 2. HP: 23/24 MP: 2/2
  1681 | D:2      | Gained mutation: You are partially covered in slimy green
                  | scales. (AC +2) [demonic ancestry]
  1681 | D:2      | Reached XP level 3. HP: 25/29 MP: 3/3
  2003 | D:2      | Reached skill level 1 in Dodging
  2529 | D:2      | Reached XP level 4. HP: 36/36 MP: 4/4
  3103 | D:3      | Found a runed translucent gate.
  3103 | D:3      | Found a runed translucent gate.
  3103 | D:3      | Found a runed translucent gate.
  3103 | D:3      | Found an opulent altar of Gozag.
  3229 | D:3      | Found a sacrificial altar of Ru.
  3302 | D:3      | Gained mutation: Your touch may inflict irresistible damage
                  | on your foes. [demonic ancestry]
  3302 | D:3      | Reached XP level 5. HP: 18/42 MP: 5/5
  3915 | D:3      | Noticed a phantom
  3915 | D:3      | Noticed karkarkar's ghost (amateur FoFi)
  4313 | D:4      | Found a bloodstained altar of Trog.
  4394 | D:4      | Found a snail-covered altar of Cheibriados.
  4517 | D:4      | Noticed Eustachio
  4548 | D:4      | Killed Eustachio
  4549 | D:4      | Reached skill level 4 in Fighting
  4549 | D:4      | Gained mutation: You sometimes gain a little power by
                  | taking damage. [demonic ancestry]
  4549 | D:4      | Reached XP level 6. HP: 26/48 MP: 6/6
  5062 | D:5      | Entered Level 5 of the Dungeon
  5087 | D:5      | HP: 2/48 [gnoll (6)]
  5087 | D:5      | Slain by a gnoll shaman

Illustrated notes

Levels and vault maps discovered:
D:1:      heliophobic_arrival_glass_houses, layout_basic, serial_rivers,
          chequers_serial_rivers_micro_a, chequers_serial_rivers_micro_d,
          chequers_serial_rivers_micro_c, chequers_serial_rivers_large_b,
          dk_noncrumbling_2, grunt_decor_arrowhead, interstate_on_off
D:2:      layout_basic
D:3:      layout_loops_cross, nicolae_ru_awakened_eye, ebering_ghost_gozag,
          hangedman_abyss_or_decor_lesser_grid
D:4:      layout_rooms, amcnicky_altar_gilded, mainiacjoe_overflow_big_doors,
          minmay_bisected, uniq_eustachio
D:5:      layout_cave_pools, serial_column_ruins, column_ruins_hut,
          column_ruins_square_medium, column_ruins_open_small,
          column_ruins_open_tiny_water, column_ruins_columns_straight,
          column_ruins_corridor_straight, minmay_gold_behind_fungi

Skill      XL: |  1  2  3  4  5 |
---------------+----------------+-----
Shields        | 3 |  3.3
Armour         | 3 |  3.8
Long Blades    | 2 3 |  3.8
Dodging        | 1 |  1.3
Fighting       | 4 |  4.1
Stealth        | |  0.3

Action                   |  1- 3 |  4- 6 || total
-------------------------+-------+-------++-------
Melee: Long sword        |   137 |   133 ||   270
  Use: Potion            |     1 |     1 ||     2
       Scroll            |     1 |       ||     1
Armor: Scale mail        |    98 |    57 ||   155
Dodge: Dodged            |    60 |    49 ||   109
Block: Buckler           |    29 |    53 ||    82

Table legend: (Time is in decaauts)
 A = Elapsed time spent in this place.
 B = Non-inter-level travel time spent in this place.
 C = Inter-level travel time spent in this place.
 D = Time resting spent in this place.
 E = Time spent auto-exploring this place.
 F = Levels seen in this place.
 G = Mean time per level.
                   A        B        C        D        E       F      G
               +--------+--------+--------+--------+--------+-----+--------+
         Total |   5196 |   4525 |    671 |      0 |   3856 |   5 | 1039.2 |
       Dungeon |   5196 |   4525 |    671 |      0 |   3856 |   5 | 1039.2 |
               +--------+--------+--------+--------+--------+-----+--------+

Top non-repeatable levels by time:
     D:1: 1725 daAuts
     D:2: 1452 daAuts
     D:4: 1078 daAuts
     D:3: 913 daAuts
     D:5: 28 daAuts
